 Dungeon Crawl Stone Soup version 0.25.1-2-g60ff931df9 (webtiles) character file.

Game seed: 808090599633568738

2327 GameOver the Tainter (level 9, -2/68 HPs)
             Began as a Naga Wizard on Sept 2, 2020.
             Was a Follower of Okawaru.
             Slain by a wight
             ... wielding a +3 flail
              (7 damage)
             ... on level 6 of the Dungeon.
             The game lasted 00:34:41 (5035 turns).

GameOver the Tainter (Naga Wizard)                  Turns: 5035, Time: 00:34:41

Health: -2/68      AC:  6    Str:  9      XL:     9   Next: 42%
Magic:  3/15       EV: 11    Int: 23      God:    Okawaru [*.....]
Gold:   353        SH:  0    Dex:  8 (9)  Spells: 3/17 levels left

rFire    . . .     SeeInvis +   w - +2 mace (holy)
rCold    . . .     Gourm    .   (no shield)
rNeg     . . .     Faith    .   a - +0 robe
rPois    +         Spirit   .   b - +1 helmet
rElec    .         Reflect  .   (no cloak)
rCorr    .         Harm     .   (no gloves)
MR       ++...                  (no barding)
Stlth    +++++.....             n - amulet of magic regeneration
HPRegen  0.21/turn              p - ring of protection from magic
MPRegen  0.39/turn              C - ring of stealth

@: heroism, very slightly contaminated, heavily drained, very slow
A: large, see invisible, deformed body, poison resistance, slowness 2, slow
metabolism 1, spit poison 1, AC +3
a: Spit Poison, Heroism, Renounce Religion


You were on level 6 of the Dungeon.
You worshipped Okawaru.
Okawaru was aware of your devotion.
You were not hungry.

You visited 2 branches of the dungeon, and saw 8 of its levels.

You collected 353 gold pieces.

Inventory:

Hand Weapons
 j - a +0 dagger
 s - a +0 trident
 w - a +2 mace of holy wrath (weapon)
Armour
 a - a +0 robe (worn)
 b - a +1 helmet (worn)
 h - a +0 buckler
Jewellery
 n - an amulet of magic regeneration (around neck)
 p - a ring of protection from magic (left hand)
 C - a ring of stealth (right hand)
Wands
 f - a wand of flame (17)
 y - a wand of digging (5)
Scrolls
 c - 2 scrolls of fear
 g - 5 scrolls of remove curse
 i - 2 scrolls of immolation
 l - 5 scrolls of enchant armour
 m - 3 scrolls of fog
 r - a scroll of identify
 u - 5 scrolls of teleportation
 v - a scroll of amnesia {unknown}
 z - a scroll of magic mapping {unknown}
 B - a scroll of blinking {unknown}
 F - a scroll of noise {unknown}
 H - a scroll of acquirement
Potions
 e - 5 potions of curing
 k - a potion of might {unknown}
 o - 2 potions of brilliance {unknown}
 q - a potion of haste {unknown}
 t - 2 potions of lignification {unknown}
 x - a potion of heal wounds
 A - 2 potions of flight {unknown}
 D - a potion of ambrosia {unknown}
 E - a potion of magic {unknown}
 G - a potion of degeneration {unknown}
Comestibles
 d - 9 rations
 I - 10 chunks of flesh


   Skills:
 - Level 2.0(5.2) Dodging
 + Level 6.5(9.6) Stealth
 + Level 4.5(2.9) Spellcasting
 + Level 6.4(4.7) Conjurations
   Level 1.0(0.0) Summonings
 - Level 3.0(1.4) Translocations
 - Level 3.0(1.4) Fire Magic
 * Level 3.1(1.5) Air Magic
 - Level 9.0(7.2) Poison Magic


You had 3 spell levels left.
You knew the following spells:

 Your Spells              Type           Power        Failure   Level  Hunger
a - Magic Dart            Conj           ####         1%          1    None
b - Blink                 Tloc           N/A          10%         2    ##.....
d - Mephitic Cloud        Conj/Pois/Air  ###.....     5%          3    ###....
f - Conjure Flame         Conj/Fire      ###.....     10%         3    ###....
s - Lightning Bolt        Conj/Air       ###.......   65%         5    ######.

Your spell library contained the following spells:

 Spells                   Type           Power        Failure   Level  Hunger
 Shock                    Conj/Air       ###.         3%          1    None
 Static Discharge         Conj/Air       ###.....     10%         3    ###....
 Swiftness                Chrm/Air       #.......     13%         2    ##.....
 Call Imp                 Summ           #.......     19%         2    ##.....
 Slow                     Hex            #.......     19%         2    ##.....
 Airstrike                Air            ##........   52%         4    ####...


Dungeon Overview and Level Annotations

Branches:
Dungeon (7/15)             Temple (1/1) D:5

Altars:
Cheibriados
Elyvilon
Fedhas
Gozag
Kikubaaqudgha
Makhleb
Okawaru
Ru
Trog
Vehumet
The Shining One


Innate Abilities, Weirdness & Mutations

You cannot wear boots.
Your serpentine skin is tough. (AC +3)
You have supernaturally acute eyesight. (SInv)
Armour fits poorly on your strangely shaped body.
Your system is resistant to poisons. (rPois)
You cover ground very slowly.
You have a slow metabolism.
You can spit poison.


Message History

Casting: Blink (safe; 7% risk of failure)
Confirm with . or Enter, or press ? or * to list all spells.
You blink.
Eat one of 11 chunks of flesh? (ye/n/q)
You eat one of the 11 chunks of flesh.
This raw flesh tastes terrible.
You gain the combat prowess of a mighty hero.
The wight hits you with a +3 flail!
* * * LOW HITPOINT WARNING * * *
You feel drained.
* * * LOW HITPOINT WARNING * * *
You hit the wight.
The wight convulses.
The wight is severely damaged.
The wight hits you with a +3 flail.
* * * LOW HITPOINT WARNING * * *
You feel drained.
* * * LOW HITPOINT WARNING * * *
You hit the wight.
The wight convulses.
The wight is almost destroyed.
The wight hits you with a +3 flail!
You die...

............# #..# #.##.#.#####
............# #..###.##.#......
............# #...)..##.#....#.
............# ###)#####.#...##.
.......(....# #).# #.#....##
............########.####.##....#
..÷..)......'..))..............##
............########..###.#...##.
#'#######...##.z@...(.....#....#.
#÷############.######.###.#.(....
...........# #.# #......#.#......
...........# #.# #.#....#.#.####.
...........# #.###.#.#.##.#......
...........# #.#..........#######
...........# #.#.#.#.#....##.....
...........# #.#.#.#.##...##.####
..........<# #.#.#.#.##...##.#


You could see a wight.

Vanquished Creatures
  Grinder (D:5)
  A hungry ghost (D:7)
  Menkaure (D:4)
  An ice beast (D:6)
  A sky beast (D:4)
  2 orc warriors
  A phantom (D:6)
  3 ogres
  3 bullfrogs
  3 wights (D:6)
  A howler monkey (D:5)
  4 hounds
  4 orc priests
  2 jellies
  An orc wizard (D:7)
  A quasit (D:6)
  A centaur skeleton (D:6)
  2 iguanas (D:5)
  3 worker ants
  10 gnolls
  10 adders
  3 shadow imps
  2 oozes
  An adder zombie (D:6)
  2 adder skeletons (D:4)
  A worm (D:3)
  2 dart slugs
  4 leopard geckos
  11 orcs
  4 bats (D:1)
  3 giant cockroaches
  2 goblins
  2 hobgoblins
  4 jackals (D:6)
  8 kobolds
  4 quokkas
  A ball python (D:2)
  3 frilled lizards
  A leopard gecko zombie (D:6)
  A quokka skeleton (D:4)
  6 rats
121 creatures vanquished.

Vanquished Creatures (others)
  An orc (D:5)
1 creature vanquished.

Grand Total: 122 creatures vanquished

Notes
Turn   | Place    | Note
-------+----------+-------------------------------------------
     0 | D:1      | GameOver the Naga Wizard began the quest for the Orb.
     0 | D:1      | Reached XP level 1. HP: 15/15 MP: 4/4
   210 | D:1      | Reached XP level 2. HP: 16/22 MP: 0/6
   551 | D:1      | Reached XP level 3. HP: 28/28 MP: 7/7
   560 | D:1      | Learned a level 2 spell: Blink
   564 | D:1      | Learned a level 3 spell: Mephitic Cloud
   816 | D:2      | Reached XP level 4. HP: 19/36 MP: 2/8
  1095 | D:2      | Found a burning altar of Makhleb.
  1405 | D:2      | Found a white marble altar of Elyvilon.
  1619 | D:3      | Found a faded altar of an unknown god.
  1633 | D:3      | Reached skill level 1 in Poison Magic
  1670 | D:3      | Learned a level 3 spell: Conjure Flame
  1758 | D:3      | Found a glowing golden altar of the Shining One.
  2147 | D:4      | Noticed a sky beast
  2163 | D:4      | Killed a sky beast
  2163 | D:4      | Reached skill level 5 in Conjurations
  2163 | D:4      | Reached skill level 2 in Poison Magic
  2163 | D:4      | Reached XP level 5. HP: 34/42 MP: 5/9
  2208 | D:4      | Reached XP level 6. HP: 48/49 MP: 5/10
  2223 | D:4      | Reached skill level 3 in Poison Magic
  2242 | D:4      | Noticed Grinder
  2243 | D:4      | Noticed Menkaure
  2274 | D:5      | Entered Level 5 of the Dungeon
  2600 | D:5      | Found a blossoming altar of Fedhas.
  2656 | D:4      | Reached skill level 5 in Poison Magic
  2656 | D:4      | Reached XP level 7. HP: 55/55 MP: 5/11
  2671 | D:5      | Killed Grinder
  2671 | D:5      | Reached skill level 6 in Poison Magic
  2736 | D:5      | Reached skill level 7 in Poison Magic
  2877 | D:5      | Reached skill level 8 in Poison Magic
  2881 | D:5      | Reached XP level 8. HP: 62/62 MP: 8/12
  3043 | D:4      | Reached skill level 9 in Poison Magic
  3189 | D:4      | Killed Menkaure
  3189 | D:4      | Reached skill level 1 in Fire Magic
  3250 | D:4      | Found a bloodstained altar of Trog.
  3651 | D:5      | Found a staircase to the Ecumenical Temple.
  3660 | Temple   | Entered the Ecumenical Temple
  3681 | Temple   | Became a worshipper of Warmaster Okawaru
  4058 | D:6      | Reached skill level 5 in Stealth
  4259 | D:6      | Learned a level 5 spell: Lightning Bolt
  4269 | D:6      | Reached * piety under Okawaru
  4269 | D:6      | Reached XP level 9. HP: 68/68 MP: 13/15
  4293 | D:6      | Reached skill level 1 in Air Magic
  4498 | D:6      | Identified a scroll of acquirement
  5035 | D:6      | Slain by a wight

Illustrated notes

Levels and vault maps discovered:
D:1:      minmay_arrival_semitransparent, layout_loops_ring,
          kennysheep_nondescript
D:2:      layout_basic, bloody_makhleb, lemuel_round_altar, first_ration,
          grunt_ministairs_5, minmay_misc_feat_more_columns
D:3:      layout_basic, chequers_ecumenical_altar_simple_redux, tso_altar
D:4:      layout_rooms, kennysheep_mini_moat, minmay_misc_feat_four_crosses,
          minmay_misc_feat_cross, uniq_menkaure, uniq_grinder
D:5:      layout_gridville, fedhas_altar_2, lemuel_temple_firewalk_b,
          serial_co_window_serial, co_window_paths_a, co_window_paths_a,
          co_window_of_opportunity_a, co_window_of_opportunity_a,
          co_window_paths_b, co_window_corner_b, co_window_corner_b,
          co_window_of_opportunity_b, co_window_4corner_a, glass_columns_c,
          glass_columns_c
D:6:      layout_basic, minmay_between
D:7:      layout_gridville, grunt_decor_fettered, grunt_ogre_cave,
          minmay_three_doors
Temple:   eino_temple_water

Skill      XL: |  1  2  3  4  5  6  7  8  9 |
---------------+----------------------------+-----
Conjurations   | 2 3 5 6 |  6.4
Poison Magic   | 2 5 8 9 |  9.0
Translocations | 3 |  3.0
Fire Magic     | 2 3 |  3.0
Dodging        | 2 |  2.0
Stealth        | 5 6 |  6.5
Spellcasting   | 4 |  4.5
Air Magic      | 3 |  3.1
Summonings     | |  1.0

Action                   |  1- 3 |  4- 6 |  7- 9 || total
-------------------------+-------+-------+-------++-------
Melee: Mace              |     9 |     9 |    25 ||    43
       Trident           |       |       |    39 ||    39
 Cast: Magic Dart        |    24 |    74 |   146 ||   244
       Mephitic Cloud    |     1 |     3 |    15 ||    19
       Conjure Flame     |       |       |    13 ||    13
       Blink             |       |       |    18 ||    18
Invok: Heroism           |       |       |     1 ||     1
 Abil: Spit Poison       |    27 |    33 |    45 ||   105
  Use: Potion            |     1 |     3 |       ||     4
       Scroll            |       |     2 |     6 ||     8
 Stab: Sleeping          |     1 |       |       ||     1
       Confused          |       |       |     4 ||     4
  Eat: Chunk             |       |     8 |     8 ||    16
       Ration            |       |       |     1 ||     1
Armor: Robe              |    18 |     9 |    49 ||    76
Dodge: Dodged            |    17 |    15 |    52 ||    84
